 Dungeon Crawl Stone Soup version 0.30-a0-719-gcc4359ea44 (webtiles) character file.

Game seed: 2860096913391368565

195312 Mitcholas the Marksdraconian (level 17, 0/152 HPs)
             Began as a Green Draconian Hunter on Jan 25, 2023.
             Was the Champion of Okawaru.
             Slain by a radroach (48 damage)
             ... on level 2 of the Spider Nest on Jan 26, 2023.
             The game lasted 02:59:30 (30160 turns).

Mitcholas the Marksdraconian (DrHu)                Turns: 30160, Time: 02:59:31

Health: 0/152      AC: 17    Str: 15    XL:     17   Next: 70%
Magic:  30/30      EV: 23    Int: 12    God:    Okawaru [******]
Gold:   1489       SH:  5    Dex: 25    Spells: 28/34 levels left

rFire   + . .      SeeInvis +    b - +12 shortbow of Ignis's Displeasure {elec, rPois rC+ rCorr}
rCold   + + +      Faith    .    (shield currently unavailable)
rNeg    + . .      Spirit   .    (body armour unavailable)
rPois   +          Reflect  +    o - +0 hat
rElec   .          Harm     .    O - +2 cloak of the Amoeba {rC+ Str+3 Dex+4 Stlth+}
rCorr   +          Rampage  .    s - +2 pair of gloves {Stlth+}
Will    +....                    j - +1 pair of boots of Itzinkec {Regen+ Str-4 Slay+3}
Stlth   +++++                    C - amulet of reflection
HPRegen 1.25/turn                I - ring of protection from fire
MPRegen 0.22/turn                p - ring of Nemelex Xobeh's Esteem {rC+ rN+ Int+3 SInv}

@: very slightly contaminated
A: breathe noxious fumes, AC +9, unfitting armour, stinger 1, poison resistance,
cold-blooded, wild magic 1
}: 1/15 runes: decaying
a: Breathe Noxious Fumes, Renounce Religion, Heroism, Finesse, Duel


You were on level 2 of the Spider Nest.
You worshipped Okawaru.
Okawaru was exalted by your worship.
You visited 6 branches of the dungeon, and saw 30 of its levels.
You visited 1 bazaar.
You also visited: Bailey and Gauntlet.

You collected 2969 gold pieces.
You spent 1480 gold pieces at shops.

Inventory:

Hand Weapons
 a - the +6 arbalest "Daunna" {penet, rF+}
   (You bought it in a shop in a bazaar)

   rF:        It protects you from fire.
 b - the +12 shortbow of Ignis's Displeasure (weapon) {elec, rPois rC+ rCorr}
   (You bought it in a shop on level 2 of the Orcish Mines)

   rC:        It protects you from cold.
   rPois:     It protects you from poison.
   rCorr:     It protects you from acid and corrosion.
Missiles
 L - 6 throwing nets
 M - 6 curare-tipped darts
Armour
 j - the +1 pair of boots of Itzinkec (worn) {Regen+ Str-4 Slay+3}
   (Okawaru gifted it to you on level 13 of the Dungeon)

   Str:       It affects your strength (-4).
   Slay:      It affects your accuracy & damage with ranged weapons and melee
   (+3).
   Regen:     It increases your rate of health regeneration.
 o - a +0 hat (worn)
 s - a +2 pair of gloves of stealth (worn)
 O - the +2 cloak of the Amoeba (worn) {rC+ Str+3 Dex+4 Stlth+}
   (You found it in a Gauntlet)

   Str:       It affects your strength (+3).
   Dex:       It affects your dexterity (+4).
   rC:        It protects you from cold.
   Stlth:     It makes you more stealthy.
Jewellery
 p - the ring of Nemelex Xobeh's Esteem (right hand) {rC+ rN+ Int+3 SInv}
   (You bought it in a shop on level 2 of the Orcish Mines)

   [ring of protection from cold]

   Int:       It affects your intelligence (+3).
   rC:        It protects you from cold.
   rN:        It protects you from negative energy.
   SInv:      It lets you see invisible.
 A - an amulet of faith
 C - an amulet of reflection (around neck)
 I - a ring of protection from fire (left hand)
Wands
 g - a wand of polymorph (15)
 q - a wand of mindburst (2)
 v - a wand of digging (5)
 w - a wand of flame (80)
 P - a wand of iceblast (24)
 S - a wand of quicksilver (5)
Scrolls
 c - 12 scrolls of teleportation
 e - 4 scrolls of fear
 l - 5 scrolls of blinking
 x - 3 scrolls of silence
 D - 3 scrolls of poison
 E - 3 scrolls of magic mapping
 H - 5 scrolls of fog
 N - 3 scrolls of amnesia
Potions
 d - 5 potions of flight
 f - 8 potions of curing
 h - 3 potions of resistance
 i - 7 potions of berserk rage
 k - a potion of cancellation
 m - 3 potions of brilliance
 n - 8 potions of magic
 r - 9 potions of haste
 t - 2 potions of invisibility
 u - 8 potions of might
 F - 4 potions of mutation
 G - 3 potions of heal wounds
 K - 12 potions of ambrosia
 R - 3 potions of lignification
Miscellaneous
 z - a condenser vane


   Skills:
 + Level 14.3 Fighting
 - Level 18.0 Ranged Weapons
 + Level 12.2 Dodging
 - Level 4.0 Stealth
 + Level 9.3 Spellcasting
 + Level 7.5 Transmutations
 + Level 9.0 Poison Magic
 - Level 13.0 Invocations
 - Level 6.0 Evocations


You had 28 spell levels left.
You knew the following spells:

 Your Spells              Type           Power      Damage    Failure   Level
a - Eringya's Noxious Bo  Tmut/Pois      16%        N/A       63%         6

Your spell library contained the following spells:

 Spells                   Type           Power      Damage    Failure   Level
 Beastly Appendage        Tmut           60%        N/A       1%          1
 Wereblood                Tmut           30%        N/A       1%          2
 Spider Form              Tmut/Pois      33%        N/A       2%          3
 Mephitic Cloud           Conj/Pois/Air  16%        N/A       16%         3
 Freeze                   Ice            28%        1d5       19%         1
 Magic Dart               Conj           28%        1d4       19%         1
 Blade Hands              Tmut           15%        N/A       22%         5
 Searing Ray              Conj           14%        2d5       28%         2
 Static Discharge         Conj/Air       14%        2-3/arc   28%         2
 Ice Form                 Ice/Tmut       19%        N/A       34%         4
 Petrify                  Tmut/Erth      19%        N/A       34%         4
 Frozen Ramparts          Ice            14%        1d3       45%         3
 Hailstorm                Conj/Ice       7%         3d4       45%         3
 Ozocubu's Armour         Ice            7%         N/A       45%         3
 Portal Projectile        Hex/Tloc       14%        N/A       45%         3
 Vhi's Electric Charge    Tloc/Air       14%        N/A       45%         3
 Irradiate                Conj/Tmut      9%         3d14      67%         5
 Yara's Violent Unravell  Hex/Tmut       9%         3d6       67%         5
 Fulminant Prism          Conj/Hex       3%         3d5       85%         4
 Manifold Assault         Tloc           7%         N/A       85%         4
 Passage of Golubria      Tloc           7%         N/A       85%         4
 Arcjolt                  Conj/Air       3%         1d13      99%         5
 Lightning Bolt           Conj/Air       3%         1d15      99%         5
 Metabolic Englaciation   Hex/Ice        3%         N/A       99%         5
 Silence                  Hex/Air        3%         N/A       99%         5
 Statue Form              Tmut/Erth      12%        N/A       99%         6
 Dragon Form              Tmut           15%        N/A       99%         7
 Dispersal                Tloc           3%         N/A       100%        6
 Orb of Destruction       Conj           3%         9d5       100%        7
 Disjunction              Tloc           3%         N/A       100%        8
 Lehudib's Crystal Spear  Conj/Erth      3%         10d3      100%        8
 Call Imp                 Summ           Unusable   N/A       N/A         2
 Summon Guardian Golem    Hex/Summ       Unusable   N/A       N/A         3
 Tukima's Dance           Hex            Unusable   N/A       N/A         3
 Summon Forest            Summ/Tloc      Unusable   N/A       N/A         5
 Simulacrum               Ice/Necr       Unusable   N/A       N/A         6
 Spellforged Servitor     Conj/Summ      Unusable   N/A       N/A         7
 Summon Hydra             Summ           Unusable   N/A       N/A         7

Dungeon Overview and Level Annotations

Branches:
Dungeon (15/15)            Temple (1/1) D:7            Lair (5/5) D:11
  Swamp (4/4) Lair:3       Spider (3/4) Lair:2        Slime (0/5) Lair:5
    Orc (2/2) D:9             Elf (0/3) Orc:2        Vaults (0/5) D:13
 Depths (0/4) D:15         Bailey (visited)         Gauntlet (visited)

Altars:
Ashenzari
Cheibriados
Dithmenos
Elyvilon
Fedhas
Gozag
Hepliaklqana
Kikubaaqudgha
Makhleb
Nemelex Xobeh
Okawaru
Qazlal
Ru
Sif Muna
Trog
Uskayaw
Vehumet
Wu Jian
Xom
Yredelemnul
Zin
The Shining One
Jiyva

Shops:
D:1 [*   D:2 [*?(   D:11 :   D:13 ?   Orc:1 :   Orc:2 *===[

Portals:
Trove: D:12 (give +1 shadow dragon scales)

Annotations:
D:14 1 runed translucent door
Orc:2 2 transporters, superbruh's ghost, journeyman MiFi


Innate Abilities, Weirdness & Mutations

You can breathe blasts of noxious fumes.
Your lurid green scales are hard. (AC +9)
You cannot fit into any form of body armour.
Your tail ends in a venomous barb.
Your system is resistant to poisons. (rPois)
You are cold-blooded and may be slowed by cold attacks.
Your spells are a little harder to cast, but a little more powerful.


Message History

You shoot an arrow. The arrow hits the radroach!
The radroach is moderately wounded.
You feel sick.
The radroach bites you but does no damage.
You block the radroach's attack.
Fire: b) +12 shortbow of Ignis's Displeasure {elec, rPois rC+ rCorr}
Press: ? - help, Q - select action, (/) - cycle Shift-Dir - straight line, f/p - radroach
Aim: a radroach (moderately wounded, 89% to hit)
You shoot an arrow.
The arrow hits the radroach but does no damage.
The radroach is moderately wounded.
You feel sick.
Fire: b) +12 shortbow of Ignis's Displeasure {elec, rPois rC+ rCorr}
Press: ? - help, Q - select action, (/) - cycle Shift-Dir - straight line, f/p - radroach
Aim: a radroach (moderately wounded, 89% to hit)
You shoot an arrow. The arrow hits the radroach!
The radroach is heavily wounded.
You feel sick.
The radroach erupts in a fountain of uncontrolled magic!
You are blasted with magical radiation!!
* * * LOW HITPOINT WARNING * * *
You are very lightly contaminated with residual magic.
You feel better. The radroach bites you!!
* * * LOW HITPOINT WARNING * * *
The radroach claws you but does no damage.
Aiming: Polymorph
Press: ? - help, Shift-Dir - straight line, f/p - radroach
Aim: a radroach (heavily wounded, will become a sea snake, a shining eye, or an ettin, chance to affect: 29%)
Okay, then.
Okay, then.
Aiming: Iceblast
Press: ? - help, Shift-Dir - straight line, p - radroach You can't see that place. [the floor.]
Okay, then.
You feel better. The radroach closely misses you.
The radroach claws you but does no damage.
The radroach erupts in a fountain of uncontrolled magic!
You are blasted with magical radiation!!!
You die...

..†.^....##...#.....#.#.....#^.#.
.#.##.........#.##.).....####..^.
.###...##..######......#.....^#..
#####..#...#.##.###..#.#^....###.
#..#...#^..^....#[#..###..##.^.#.
..#########...........#..^##..###
.....#..#...###..[..#####..##....
.....^.###..#...##...###...#.....
####.......^#..B@#..##^##..#.#.#.
#.^###......#..#.#...>..#..#####.
....#...##..#>[###.#..####..#....
##......#...#†..####.^...####....
^..#..###...#.†##.#..#......#^.#.
..##..#...#.#.....#..##.#<..#..##
.##..###^.###.#..^#...###...#####
.#...#......####.####..#..#.....#
.#####..#...#..###..##.#..#.....#


You could see a radroach.

Vanquished Creatures
  Mara (Swamp:3)
  Arachne (Arena)
  A tentacled monstrosity (Swamp:4)
  Rupert (D:13)
  2 thorn hunters (Swamp:4)
  An azure jelly (shapeshifter) (D:15)
  4 emperor scorpions
  A ghost moth (Spider:2)
  Aizul (Swamp:3)
  A very ugly thing (D:15)
  2 broodmothers
  3 eleionomae
  A spark wasp (Spider:2)
  A minotaur (Gauntlet)
  3 bunyips
  Snorg (D:11)
  A green death (Gauntlet)
  A fire dragon (Lair:5)
  An entropy weaver (Spider:1)
  4 shambling mangroves
  Harold (D:11)
  16 hydras
  Erolcha (D:11)
  A great orb of eyes (D:15)
  A rakshasa (D:15)
  A catoblepas (Lair:5)
  A vault guard (D:12)
  An ogre mage (D:15)
  3 ghost crabs
  2 jorogumos (Spider:2)
  7 centaur warriors
  9 two-headed ogres
  4 radroaches
  4 boulder beetles
  8 alligators
  A tengu warrior (D:15)
  A spriggan berserker (Swamp:4)
  3 orc high priests (Orc:2)
  Sonja (D:11)
  A sun moth (Spider:1)
  4 goliath frogs
  7 pharaoh ants
  A deep elf archer (D:13)
  6 orb spiders
  A death drake (Swamp:3)
  3 spriggan druids
  21 swamp dragons
  3 lindwurms
  9 bog bodies
  A steelbarb worm (Spider:1)
  5 orc knights
  Pikel (D:4)
  16 ugly things
  4 deep elf pyromancers
  3 deep elf zephyrmancers (D:13)
  13 wolf spiders
  4 orc sorcerers (Orc:2)
  A cyclops (D:11)
  4 will-o-the-wisps
  2 moths of wrath (Spider:2)
  3 manticores
  5 black mambas
  A guardian serpent (shapeshifter) (D:15)
  11 elephants
  7 demonic crawlers
  2 orange demons (Gauntlet)
  A gargoyle (Bailey)
  Maggie (D:6)
  7 cane toads
  4 torpor snails
  8 komodo dragons
  A yaktaur (shapeshifter) (Gauntlet)
  5 rime drakes
  4 yaktaurs (D:13)
  A tengu conjurer (D:14)
  A queen bee (Lair:2)
  4 trolls
  9 polar bears
  2 meliai (Spider:2)
  4 tyrant leeches
  A bloated husk (Swamp:1)
  17 hornets
  9 tarantellas
  7 blink frogs
  Grinder (D:4)
  21 slime creatures
  22 culicivoras
  3 shadows
  3 vampires
  18 jumping spiders
  A slime creature (shapeshifter) (D:14)
  12 spriggans
  A wraith (D:14)
  3 wyverns
  25 yaks
  Grum (D:9)
  3 basilisks
  15 vampire mosquitoes
  35 redbacks
  6 steam dragons
  3 acid dragons
  11 water moccasins
  13 swamp worms
  A water moccasin (shapeshifter) (Gauntlet)
  22 orc warriors
  6 ice beasts
  5 black bears
  14 swamp drakes
  A swamp drake (shapeshifter) (Gauntlet)
  4 ogres
  10 wolves
  7 boggarts
  11 centaurs
  A lemure (D:4)
  2 phantoms
  4 kobold brigands
  13 bullfrogs
  A gnoll sergeant (D:12)
  4 scorpions
  4 wights (D:7)
  31 killer bees
  6 howler monkeys
  An electric eel (Spider:1)
  9 vampire bats (Bailey)
  7 wolf zombies (Bailey)
  5 hounds
  4 jellies
  16 orc priests
  Crazy Yiuf (D:4)
  Jessica (D:3)
  A gnoll bouda (D:9)
  Natasha (twice) (D:4)
  6 iguanas
  19 orc wizards
  13 gnolls
  12 adders
  A white imp (D:6)
  An ufetubus (D:4)
  A worm (D:2)
  2 dart slugs (D:2)
  71 orcs
  3 ball pythons
  8 bats
  7 endoplasms
  3 giant cockroaches
  4 goblins
  12 hobgoblins
  6 jackals
  4 quokkas
  5 frilled lizards
  28 kobolds
  20 orc zombies (Bailey)
  8 rats
948 creatures vanquished.

Vanquished Creatures (others)
  A cyclops (D:11)
  An orc (Orc:2)
  6 foxfires
  12 fungi
  36 plants
56 creatures vanquished.

Grand Total: 1004 creatures vanquished

Notes
Turn   | Place    | Note
-------+----------+-------------------------------------------
     0 | D:1      | Mitcholas the Draconian Hunter began the quest for the Orb.
     0 | D:1      | Reached XP level 1. HP: 17/17 MP: 1/1
    23 | D:1      | Found Necodgh's General Store.
    92 | D:1      | Found a faded altar of an unknown god.
   143 | D:1      | Reached skill level 4 in Ranged Weapons
   250 | D:1      | Found Nih Cyco's Armour Emporium.
   254 | D:1      | Reached XP level 2. HP: 24/24 MP: 2/2
   356 | D:1      | Reached skill level 1 in Stealth
  1001 | D:2      | Found Nempylob's Antique Weapon Shop.
  1137 | D:2      | Found Xavorr's General Store.
  1137 | D:2      | Found Zonaad's Magic Scroll Boutique.
  1245 | D:2      | Reached XP level 3. HP: 29/29 MP: 3/3
  1245 | D:2      | Found Namyets's Armour Shop.
  1967 | D:3      | Reached XP level 4. HP: 36/36 MP: 4/4
  2315 | D:3      | Reached skill level 5 in Ranged Weapons
  2434 | D:3      | Noticed Jessica
  2441 | D:3      | Killed Jessica
  2588 | D:3      | Reached XP level 5. HP: 41/41 MP: 5/5
  2757 | D:3      | Reached skill level 6 in Ranged Weapons
  2914 | D:4      | Reached XP level 6. HP: 41/48 MP: 6/6
  3013 | D:2      | Bought a runed shortbow for 150 gold pieces
  3148 | D:4      | Noticed Sigmund
  3149 | D:4      | Sigmund changed into Sigmund the howler monkey
  3149 | D:4      | Noticed Sigmund
  3156 | D:4      | Killed Sigmund the howler monkey
  3199 | D:4      | Reached skill level 7 in Ranged Weapons
  3318 | D:4      | Noticed Natasha
  3322 | D:4      | Natasha changed into Natasha the killer bee
  3322 | D:4      | Noticed Natasha
  3330 | D:4      | Killed Natasha the killer bee
  3455 | D:4      | Your scales start taking on a lurid green colour.
  3455 | D:4      | Reached XP level 7. HP: 49/55 MP: 7/7
  3455 | D:4      | Gained mutation: Your system is resistant to poisons.
                  | (rPois) [Green Draconian growth]
  3766 | D:4      | Noticed Grinder
  4031 | D:4      | Reached skill level 8 in Ranged Weapons
  4092 | D:4      | Noticed Pikel
  4147 | D:5      | Entered Level 5 of the Dungeon
  4281 | D:5      | Reached skill level 1 in Evocations
  4375 | D:5      | Reached XP level 8. HP: 62/62 MP: 8/8
  4675 | D:5      | Found a glowing silver altar of Zin.
  4676 | D:5      | Found a white marble altar of Elyvilon.
  4677 | D:5      | Found a glowing golden altar of the Shining One.
  4881 | D:5      | Found an iron altar of Okawaru.
  4892 | D:5      | Became a worshipper of Warmaster Okawaru
  5020 | D:4      | Noticed Natasha
  5097 | D:1      | Bought a scroll of brand weapon for 104 gold pieces
  5202 | D:4      | Killed Natasha
  5307 | D:4      | Found a runed translucent door.
  5308 | D:4      | Noticed Crazy Yiuf
  5333 | D:4      | Noticed Natasha
  5337 | D:4      | Killed Natasha
  5427 | D:4      | Killed Pikel
  5428 | D:4      | Reached skill level 9 in Ranged Weapons
  5428 | D:4      | Reached skill level 1 in Invocations
  5557 | D:4      | Killed Grinder
  5558 | D:4      | Reached XP level 9. HP: 68/71 MP: 10/10
  5635 | D:4      | Killed Crazy Yiuf
  5635 | D:4      | Reached * piety under Okawaru
  6094 | D:6      | Noticed Maggie
  6103 | D:6      | Killed Maggie
  6568 | D:7      | Found a staircase to the Ecumenical Temple.
  6576 | Temple   | Entered the Ecumenical Temple
  6824 | D:7      | Reached skill level 5 in Fighting
  7375 | D:7      | Reached skill level 10 in Ranged Weapons
  7506 | D:8      | Found a shimmering altar of Xom.
  7867 | D:8      | Reached ** piety under Okawaru
  7900 | D:8      | Found a shadowy altar of Dithmenos.
  7965 | D:8      | Reached XP level 10. HP: 77/83 MP: 13/13
  8026 | D:8      | Found a sparkling altar of Nemelex Xobeh.
  8027 | D:8      | Found a hazy altar of Hepliaklqana.
  8027 | D:8      | Found a basalt altar of Yredelemnul.
  8028 | D:8      | Found a snail-covered altar of Cheibriados.
  8029 | D:8      | Found a burning altar of Makhleb.
  8573 | D:9      | Found a flagged portal.
  8582 | D:9      | Reached skill level 5 in Evocations
  8592 | Bailey   | Entered a bailey
  8718 | Bailey   | Reached *** piety under Okawaru
  8793 | Bailey   | Noticed a gargoyle
  8795 | Bailey   | Killed a gargoyle
  8796 | Bailey   | Reached skill level 5 in Dodging
  9026 | Bailey   | Reached skill level 5 in Invocations
  9634 | D:9      | Found a staircase to the Orcish Mines.
  9715 | D:9      | Reached skill level 11 in Ranged Weapons
  9722 | D:9      | Noticed Grum
  9737 | D:9      | Killed Grum
  9737 | D:9      | Reached **** piety under Okawaru
  9737 | D:9      | Received a gift from Okawaru
 10388 | D:10     | Entered Level 10 of the Dungeon
 10636 | D:10     | Found a blossoming altar of Fedhas.
 10648 | D:10     | Noticed a two-headed ogre
 10655 | D:10     | Killed a two-headed ogre
 10655 | D:10     | Received a gift from Okawaru
 10664 | D:10     | Reached XP level 11. HP: 92/92 MP: 15/15
 11089 | D:11     | Noticed a two-headed ogre
 11094 | D:11     | Killed a two-headed ogre
 11248 | D:11     | Noticed Harold
 11258 | D:11     | Killed Harold
 11271 | D:11     | Noticed a brown ugly thing
 11287 | D:11     | Killed a brown ugly thing
 11308 | D:11     | Reached ***** piety under Okawaru
 11429 | D:11     | Noticed a two-headed ogre
 11435 | D:11     | Killed a two-headed ogre
 11436 | D:11     | Reached skill level 12 in Ranged Weapons
 11510 | D:11     | Noticed Erolcha
 11523 | D:11     | Killed Erolcha
 11547 | D:11     | Noticed Sonja
 11554 | D:11     | Killed Sonja
 11613 | D:11     | Found Sikk's Tremendous Tomes.
 11696 | D:11     | Noticed Snorg
 11713 | D:11     | Killed Snorg
 11824 | D:11     | Found a staircase to the Lair.
 12034 | D:11     | Noticed Urug
 12358 | D:11     | Urug changed into Urug the swamp worm
 12358 | D:11     | Noticed Urug
 12362 | D:11     | Killed Urug the swamp worm
 12590 | Lair:1   | Entered Level 1 of the Lair of Beasts
 12598 | Lair:1   | Reached XP level 12. HP: 72/103 MP: 17/17
 12726 | Lair:1   | Received a gift from Okawaru
 12966 | Lair:1   | Reached skill level 1 in Spellcasting
 13759 | Lair:2   | Reached skill level 13 in Ranged Weapons
 13842 | Lair:2   | Found a gate leading to a gauntlet.
 13861 | Gauntlet | Entered a Gauntlet
 13861 | Gauntlet | Found a large runed translucent door.
 13861 | Gauntlet | Found a large runed translucent door.
 13861 | Gauntlet | Found a large runed translucent door.
 13861 | Gauntlet | Found a large runed translucent door.
 13861 | Gauntlet | Found a large runed translucent door.
 13861 | Gauntlet | Found a large runed translucent door.
 13861 | Gauntlet | Found a runed translucent door.
 13861 | Gauntlet | Found a transporter.
 13861 | Gauntlet | Found a runed translucent door.
 13861 | Gauntlet | Found a large runed translucent door.
 13861 | Gauntlet | Found a large runed translucent door.
 13861 | Gauntlet | Found a large runed translucent door.
 13861 | Gauntlet | Found a large runed translucent door.
 13861 | Gauntlet | Found a large runed translucent door.
 13861 | Gauntlet | Found a large runed translucent door.
 13862 | Gauntlet | Found a large runed translucent door.
 13862 | Gauntlet | Found a large runed translucent door.
 13862 | Gauntlet | Found a large runed translucent door.
 13862 | Gauntlet | Found a large runed translucent door.
 13870 | Gauntlet | Found a runed translucent gate.
 13870 | Gauntlet | Found a runed translucent gate.
 13870 | Gauntlet | Found a transporter.
 13870 | Gauntlet | Found a runed translucent gate.
 13870 | Gauntlet | Noticed a blizzard demon
 13879 | Gauntlet | Noticed a two-headed ogre
 13880 | Gauntlet | a two-headed ogre changed into a lindwurm
 13882 | Gauntlet | Found a transporter.
 13886 | Gauntlet | Found a transporter.
 13896 | Gauntlet | Found a transporter.
 13897 | Gauntlet | Noticed a green death
 13916 | Gauntlet | Found a transporter.
 13925 | Gauntlet | Noticed a death scarab
 13926 | Gauntlet | Noticed a death scarab
 13929 | Gauntlet | Found a transporter.
 13948 | Gauntlet | Found a transporter.
 13950 | Gauntlet | Found a transporter.
 13959 | Gauntlet | Found a transporter.
 13988 | Gauntlet | Found a transporter.
 13988 | Gauntlet | Found a transporter.
 14058 | Gauntlet | Identified the +4 pair of boots "Sunlomum" {Fly Regen+}
 14100 | Gauntlet | Killed a green death
 14117 | Gauntlet | Identified the +2 cloak of the Amoeba {rC+ Str+3 Dex+4
                  | Stlth+}
 14237 | Gauntlet | Noticed a minotaur
 14246 | Gauntlet | Killed a minotaur
 14300 | Gauntlet | Found the +3 Elemental Staff {rElec rF++ rC++ AC+5}
 14778 | Lair:2   | Found a hole to the Spider Nest.
 15178 | Lair:3   | Noticed a five-headed hydra
 15189 | Lair:3   | Killed a five-headed hydra
 15189 | Lair:3   | Reached ****** piety under Okawaru
 15206 | Lair:3   | Reached XP level 13. HP: 112/112 MP: 19/19
 15217 | Lair:3   | Found a staircase to the Swamp.
 16257 | Lair:4   | Reached skill level 14 in Ranged Weapons
 16322 | Lair:4   | Received a gift from Okawaru
 16329 | Lair:4   | Reached skill level 10 in Fighting
 16854 | Lair:5   | Entered Level 5 of the Lair of Beasts
 17473 | Lair:5   | Reached skill level 10 in Invocations
 17490 | Lair:5   | Reached skill level 5 in Spellcasting
 17535 | Lair:5   | Received a gift from Okawaru
 17654 | Lair:5   | Found a viscous altar of Jiyva.
 17672 | Lair:5   | Found a staircase to the Slime Pits.
 18264 | Lair:5   | Noticed a fire dragon
 18377 | Lair:5   | Killed a fire dragon
 18378 | Lair:5   | Gained mutation: Your tail ends in a venomous barb. [Green
                  | Draconian growth]
 18378 | Lair:5   | Reached XP level 14. HP: 122/122 MP: 20/22
 18856 | D:12     | Learned a level 6 spell: Eringya's Noxious Bog
 18948 | D:12     | Reached skill level 15 in Ranged Weapons
 18974 | D:12     | Identified the +0 pair of gloves of the Devil's Team
                  | {Int+5}
 19053 | D:12     | Found a portal to a secret trove of treasure.
 19271 | D:12     | You are sucked into a shaft and drop 3 floors!
 19271 | D:15     | Entered Level 15 of the Dungeon
 19497 | D:13     | Noticed Rupert
 19629 | D:13     | Found a flickering gateway to a bazaar.
 19641 | Bazaar   | Entered a bazaar
 19649 | Bazaar   | Found Ekoe's Antique Weapon Emporium.
 19663 | Bazaar   | Found Hops's Antique Weapon Shoppe.
 19679 | Bazaar   | Found Iwuef's Antique Armour Emporium.
 19690 | Bazaar   | Found Jysuque's Antique Armour Shoppe.
 19721 | Bazaar   | Bought a smoking arbalest for 228 gold pieces
 19721 | Bazaar   | Identified the +6 arbalest "Daunna" {penet, rF+} (You
                  | bought it in a shop in a bazaar)
 19745 | Bazaar   | Bought a pair of gloves for 153 gold pieces
 19923 | D:13     | Found Yshruneq's Magic Scroll Shoppe.
 20209 | D:13     | Killed Rupert
 20492 | D:13     | Identified the +1 pair of boots of Itzinkec {Regen+ Str-4
                  | Slay+3} (Okawaru gifted it to you on level 13 of the
                  | Dungeon)
 20492 | D:13     | Received a gift from Okawaru
 20603 | D:13     | Found a gate to the Vaults.
 20970 | D:14     | Reached skill level 10 in Dodging
 21061 | D:14     | Found a runed translucent door.
 21064 | D:14     | Found a hide-covered altar of Uskayaw.
 21709 | D:15     | Reached skill level 16 in Ranged Weapons
 21755 | D:15     | Reached skill level 1 in Poison Magic
 21841 | D:15     | Received a gift from Okawaru
 21964 | D:15     | Reached skill level 1 in Transmutations
 21971 | D:15     | Reached XP level 15. HP: 132/132 MP: 24/24
 21995 | D:15     | Found a faded altar of an unknown god.
 21998 | D:15     | Found a faded altar of an unknown god.
 21999 | D:15     | Found a hazy altar of Hepliaklqana.
 22153 | D:15     | Received a gift from Okawaru
 22230 | D:15     | a catoblepas changed into an azure jelly
 22230 | D:15     | Noticed an azure jelly (glowing shapeshifter)
 22238 | D:15     | Killed an azure jelly
 22283 | D:15     | Found a staircase to the Depths.
 22430 | Orc:1    | Entered Level 1 of the Orcish Mines
 22530 | Orc:1    | Found a shimmering altar of Xom.
 22643 | Orc:2    | Entered Level 2 of the Orcish Mines
 22703 | Orc:2    | Found a staircase to the Elven Halls.
 22917 | Orc:2    | Found Ibeluz's Jewellery Shop.
 22917 | Orc:2    | Found Sokoth's Antique Armour Shoppe.
 22919 | Orc:2    | Found Noimyh's Jewellery Shop.
 22919 | Orc:2    | Found Sakkam's Jewellery Shoppe.
 22965 | Orc:2    | Found a transporter.
 22968 | Orc:2    | Found a transporter.
 22985 | Orc:2    | Noticed superbruh's ghost (journeyman MiFi)
 23005 | Orc:2    | Found a bloodstained altar of Trog.
 23085 | Orc:2    | Found Inouss's Assorted Antiques.
 23193 | Orc:2    | Bought the ring of Nemelex Xobeh's Esteem {rC+ rN+ Int+3
                  | SInv} for 653 gold pieces
 23237 | Orc:2    | Bought a glimmering shortbow for 192 gold pieces
 23237 | Orc:2    | Identified the +12 shortbow of Ignis's Displeasure {elec,
                  | rPois rC+ rCorr} (You bought it in a shop on level 2 of the
                  | Orcish Mines)
 23283 | Orc:2    | Received a gift from Okawaru
 23343 | Orc:1    | Found Xuuhusaf's Book Emporium.
 23645 | Swamp:1  | Entered Level 1 of the Swamp
 24797 | Swamp:2  | Identified the +0 ring mail "Bum Wuu" {rN+ rCorr}
 24812 | Swamp:3  | Noticed Aizul
 24917 | Swamp:3  | Identified the +1 cloak "Esurul" {rCorr} (Okawaru gifted it
                  | to you on level 3 of the Swamp)
 24917 | Swamp:3  | Received a gift from Okawaru
 24928 | Swamp:3  | Killed Aizul
 25015 | Swamp:3  | Reached XP level 16. HP: 141/141 MP: 26/26
 25024 | Swamp:3  | Reached skill level 5 in Poison Magic
 25056 | Swamp:3  | Noticed Mara
 25323 | Swamp:3  | Reached skill level 17 in Ranged Weapons
 25378 | Swamp:3  | Killed Mara
 25734 | Swamp:4  | Entered Level 4 of the Swamp
 25734 | Swamp:4  | Noticed a tentacled monstrosity
 25778 | Swamp:4  | Upgraded the game from 0.30-a0-718-geaa24f58ff to
                  | 0.30-a0-719-gcc4359ea44
 25778 | Swamp:4  | Noticed a thorn hunter
 25906 | Swamp:4  | Reached skill level 5 in Transmutations
 26027 | Swamp:4  | Killed a thorn hunter
 26145 | Swamp:4  | Noticed a thorn hunter
 26157 | Swamp:4  | Killed a thorn hunter
 26191 | Swamp:4  | Identified the +0 kite shield "Hero's Friend" {rElec Str+2}
                  | (Okawaru gifted it to you on level 4 of the Swamp)
 26191 | Swamp:4  | Received a gift from Okawaru
 26285 | Swamp:4  | Killed a tentacled monstrosity
 26675 | Swamp:4  | Got a decaying rune of Zot
 26930 | Spider:1 | Entered Level 1 of the Spider Nest
 27407 | Spider:1 | Reached XP level 17. HP: 75/150 MP: 29/29
 27507 | Spider:1 | Received a gift from Okawaru
 28546 | Spider:2 | Reached skill level 18 in Ranged Weapons
 28591 | Spider:2 | Identified the +1 whip of Simy {venom, rPois Str+8 Int-5
                  | Dex-4}
 28599 | Spider:2 | Received a gift from Okawaru
 29029 | Spider:2 | Noticed Arachne
 29042 | Arena    | Entered the Arena
 29064 | Arena    | Killed Arachne
 29541 | Spider:2 | Gained mutation: Your spells are a little harder to cast,
                  | but a little more powerful. [mutagenic glow]
 30160 | Spider:2 | Slain by a radroach

Illustrated notes

Levels and vault maps discovered:
D:1:      minmay_arrival_jagged, layout_loops_corners, serial_shops,
          shop_statue, nicolae_shop_crystal, hellmonk_ecumenical_altar_lost_god
D:2:      layout_basic, serial_shops, nicolae_shop_statue_plus, shop, shop,
          shop_fountains, nrook_uturn, minmay_three_crescents
D:3:      layout_basic, kennysheep_generic_room_15, uniq_jessica
D:4:      minmay_angry_zag, layout_loops_ring, roderic_roman_lattice,
          kennysheep_diamond, kennysheep_generic_room_8, uniq_natasha,
          uniq_grinder, uniq_sigmund, uniq_pikel, uniq_crazy_yiuf_cottage
D:5:      layout_basic, good_gods_temple_1, mainiacjoe_overflow_alcove_4,
          nicolae_eternal_life
D:6:      layout_basic, dreamdust_gnoll_farm, uniq_maggie
D:7:      layout_basic, minmay_temple_entry_enclosed_plants, chequers_arboretum,
          patterned_corridor
D:8:      layout_cave_pods, xom_butterflies, minitemple, grunt_dithmenos_smoke
D:9:      layout_layer_cave, hiddenorc1_lemuel, enter_bailey_6,
          minmay_misc_feat_ornament, uniq_grum
D:10:     layout_cross, fedhas_ov_isle_minmay, minmay_fractal_squares_diagonal_5
D:11:     layout_basic, hellmonk_lair_entry_icy, nicolae_shop_i_like_big_books,
          minmay_fractal_squares_5, uniq_erolcha, uniq_urug, uniq_harold,
          uniq_snorg, uniq_sonja
D:12:     layout_loops_cross, enter_trove_5, serial_rivers,
          chequers_serial_rivers_small_3, chequers_serial_rivers_room_a,
          chequers_serial_rivers_room_a, chequers_serial_rivers_large_b,
          chequers_serial_rivers_micro_b
D:13:     layout_stronghold, hangedman_vaults_entry_quadrant_bands,
          serial_shops, bzr_firewalk, nicolae_shop_window_shopping, uniq_rupert
D:14:     layout_small_grid, serial_rivers, chequers_serial_rivers_large_a,
          chequers_serial_rivers_room_a, chequers_serial_rivers_room_a,
          chequers_serial_rivers_small_b, nicolae_danse_macabre
D:15:     gammafunk_enter_depths_forms, layout_rooms,
          chequers_serial_rivers_marsh, nicolae_hepliaklqana_ecumenical_no_more
Temple:   hellmonk_temple_flake
Lair:1:   layout_cave_pods, grunt_megastairs_3
Lair:2:   layout_gridlike, spider_nest_entry_a, gauntlet_entry_generic,
          special_room [special_room_bee], grunt_megastairs_1
Lair:3:   layout_cave_pods, swamp_mist, minivault_27, serial_bayou_lagoon_a,
          serial_bayou_pond_a, cheibrodos_lair_lostbears
Lair:4:   layout_long_grid, kilobyte_rumbling_trees, grunt_megastairs_4,
          infiniplex_staircase_pool
Lair:5:   hangedman_lair_in_review, layout_cave_pods, guppyfry_lair_end_dragon,
          slime_entry_1
Swamp:1:  layout_basic_swamp, nicolae_swamp_well_well_well,
          infiniplex_staircase_pool_2
Swamp:2:  layout_basic_swamp, evilmike_swamp_ruin_house_3
Swamp:3:  layout_basic_swamp, nicolae_swamp_small_spring, swamp_pool4,
          nicolae_swamp_spriggan_camp, uniq_mara, uniq_aizul
Swamp:4:  swamp_basic_johnstein, layout_basic_swamp
Spider:1: layout_spider_delve, hangedman_spider_tarantella_strand
Spider:2: layout_spider_delve, uniq_arachne
Spider:3: layout_spider_delve
Orc:1:    layout_caves, serial_shops, shop, basic_altar
Orc:2:    grunt_orc_tribal_feast, layout_caves,
          gammafunk_ghost_wrathful_warriors, serial_shops, shop

Skill      XL: |  1  2  3  4  5  6  7  8  9 10 11 12 13 14 15 16 17 |
---------------+----------------------------------------------------+-----
Ranged Weapons | 4 5 6 7 8 9 10 11 12 13 14 16 17 18 | 18.0
Stealth        | 1 2 3 4 |  4.0
Dodging        | 2 3 4 5 7 8 9 10 11 12 | 12.2
Evocations     | 1 3 4 6 |  6.0
Fighting       | 4 5 7 8 9 10 12 13 14 | 14.3
Invocations    | 2 4 5 7 9 10 11 12 13 | 13.0
Spellcasting   | 3 5 6 7 8 9 |  9.3
Poison Magic   | 1 4 7 9 |  9.0
Transmutations | 1 4 6 7 |  7.5

Action                     |  1- 3 |  4- 6 |  7- 9 | 10-12 | 13-15 | 16-18 || total
---------------------------+-------+-------+-------+-------+-------+-------++-------
  Melee: Shortbow          |       |       |       |     6 |       |       ||     6
         Tailslap          |       |       |       |     1 |       |       ||     1
   Fire: Shortbow          |   140 |   159 |   249 |   724 |   691 |   892 ||  2855
         Arbalest          |       |       |       |       |   402 |    92 ||   494
  Throw: Dart              |       |       |     4 |       |     2 |       ||     6
 Invoke: Heroism           |       |       |       |     2 |     4 |     3 ||     9
         Finesse           |       |       |       |     1 |       |     1 ||     2
         Duel              |       |       |       |       |       |     1 ||     1
Ability: Breathe Noxious F |       |       |    10 |    21 |    27 |    14 ||    72
  Evoke: Wand              |       |     5 |       |     3 |       |    17 ||    25
         Condenser vane    |       |       |       |       |     1 |     1 ||     2
    Use: Scroll            |       |       |     6 |     8 |    14 |     5 ||    33
         Potion            |       |       |       |       |       |     8 ||     8
 Armour: Skin              |    16 |    33 |     5 |    66 |   100 |   189 ||   409
  Dodge: Dodged            |    26 |    81 |    32 |   372 |   414 |   674 ||  1599
  Block: Other             |       |       |       |    60 |    89 |   140 ||   289
         Reflection        |       |       |       |       |     7 |     1 ||     8

Table legend: (Time is in decaauts)
 A = Elapsed time spent in this place.
 B = Non-inter-level travel time spent in this place.
 C = Inter-level travel time spent in this place.
 D = Time resting spent in this place.
 E = Time spent auto-exploring this place.
 F = Levels seen in this place.
 G = Mean time per level.
                   A        B        C        D        E       F      G
               +--------+--------+--------+--------+--------+-----+--------+
         Total |  30484 |  26406 |   4078 |   2243 |  16753 |  34 |  896.6 |
       Dungeon |  15841 |  13591 |   2250 |    793 |   9631 |  15 | 1056.1 |
        Temple |    152 |    143 |      9 |      0 |    132 |   1 |  152.0 |
          Lair |   6011 |   5240 |    771 |    375 |   3425 |   5 | 1202.2 |
         Swamp |   3375 |   2717 |    658 |    212 |   1489 |   4 |  843.8 |
   Spider Nest |   2776 |   2609 |    167 |    615 |   1267 |   3 |  925.3 |
  Orcish Mines |   1049 |    828 |    221 |     27 |    535 |   2 |  524.5 |
        Bazaar |    136 |    136 |      0 |      0 |     59 |   1 |  136.0 |
        Bailey |    657 |    657 |      0 |    151 |     74 |   1 |  657.0 |
      Gauntlet |    446 |    446 |      0 |     47 |    141 |   1 |  446.0 |
         Arena |     36 |     36 |      0 |     21 |      0 |   1 |   36.0 |
               +--------+--------+--------+--------+--------+-----+--------+

Top non-repeatable levels by time:
     D:4: 1679 daAuts
     D:9: 1548 daAuts
  Lair:5: 1526 daAuts
Spider:2: 1512 daAuts
    D:11: 1361 daAuts
  Lair:2: 1272 daAuts
  Lair:1: 1212 daAuts
Spider:1: 1197 daAuts
     D:3: 1194 daAuts
  Lair:3: 1147 daAuts
    D:13: 1123 daAuts
     D:2: 1057 daAuts
 Swamp:4: 1053 daAuts
     D:1: 1021 daAuts
 Swamp:3: 1016 daAuts
